 Dungeon Crawl Stone Soup version 0.30-a0-800-g7c544603b3 (webtiles) character file.

Game seed: 13933132271812172608

361 ders the Magician (level 6, -8/40 HPs)
             Began as a Djinni Conjurer on Feb 22, 2023.
             Mangled by a gnoll bouda
             ... wielding a +0 club
              (11 damage)
             ... on level 4 of the Dungeon.
             The game lasted 00:04:09 (3168 turns).

ders the Magician (Djinni Conjurer)                 Turns: 3168, Time: 00:04:09

Health: -8/40      AC:  3    Str:  6    XL:     6   Next: 98%
Gold:   111        EV: 12    Int: 21    God:
                   SH:  0    Dex: 12

rFire   + + .      SeeInvis .    (no weapon)
rCold   x . .      Faith    .    (no shield)
rNeg    . . .      Spirit   .    a - +1 robe
rPois   ∞          Reflect  .    (no helmet)
rElec   .          Harm     .    (no cloak)
rCorr   .          Rampage  .    (no gloves)
Will    .....                    (boots unavailable)
Stlth   ++                       (no amulet)
HPRegen 0.26/turn                (no ring)
MPRegen 0.00/turn                (no ring)

@: about to teleport, weakened, flying
A: sickness immunity, fire resistance 2, cold vulnerability 1, float, innate
caster, HP casting, extra vitality 1
a: no special abilities


You were on level 4 of the Dungeon.
You visited 1 branch of the dungeon, and saw 4 of its levels.
You also visited: Sewer.

You collected 111 gold pieces.

Inventory:

Armour
 a - a +1 robe (worn)
 n - the +1 leather armour of Uskayaw, Imbibing {rElec rC+ rN+}
   (You found it on level 3 of the Dungeon)

   rC:        It protects you from cold.
   rElec:     It insulates you from electricity.
   rN:        It protects you from negative energy.
Wands
 l - a wand of roots (7)
Scrolls
 g - a scroll of teleportation
 m - a scroll of noise {unknown}
Potions
 b - a potion of heal wounds {unknown}
 c - 3 potions of attraction {unknown}
 d - a potion of magic {unknown}
 e - a potion of brilliance {unknown}
 f - a potion of mutation {unknown}
 k - a potion of haste {unknown}
 o - a potion of resistance {unknown}
 p - a potion of might {unknown}


   Skills:
 - Level 2.1 Dodging
 - Level 1.5 Stealth
 + Level 6.0 Spellcasting


You knew the following spells:

 Your Spells              Type           Power      Damage    Failure   Level
a - Magic Dart            Conj           100%       1d8       1%          1
b - Searing Ray           Conj           62%        2d6       1%          2
c - Dazzling Flash        Conj/Hex       62%        N/A       2%          3
d - Fulminant Prism       Conj/Hex       15%        3d10      8%          4
e - Iskenderun's Mystic   Conj/Tloc      31%        2d8       8%          4
f - Kiss of Death         Conj/Necr      100%       2d13      1%          1
g - Blink                 Tloc           62%        N/A       1%          2
Your spell library was empty.

Dungeon Overview and Level Annotations

Branches:
Dungeon (4/15)              Sewer (visited)
 Temple: D:4-7

Altars:
Dithmenos
Ru

Shops:
D:3 [

Annotations:
D:4 Eustachio


Innate Abilities, Weirdness & Mutations

You are immune to sickness and miasma.
You are immune to poison.
Your flesh is very heat resistant. (rF++)
You are vulnerable to cold. (rC-)
You float through the air rather than walking.
You learn spells naturally, not from books.
Your magical power is your life essence.
You have superior vitality. (+4 MHP)


Message History

A jackal comes into view.
The gnoll barely misses you.
Casting: Fulminant Prism (quite dangerous; 9% risk of failure)
Confirm with . or Enter, or press ? or * to list all spells.
You erupt in a blast of force!
The mystic blast hits the crimson imp!
The crimson imp is almost dead.
The mystic blast hits Eustachio.
Eustachio is moderately wounded.
Eustachio is knocked back by the mystic blast.
Eustachio collides with the ufetubus!
The ufetubus is almost dead.
Eustachio is heavily wounded.
The mystic blast hits the quasit!
You kill the quasit!
The quasit disappears in a puff of smoke!
The mystic blast hits the gnoll bouda.
The gnoll bouda is moderately wounded.
The gnoll bouda is knocked back by the mystic blast.
The mystic blast hits the gnoll.
You kill the gnoll!
The mystic blast hits the gnoll!
You kill the gnoll!
The jackal barks!
* * * LOW HITPOINT WARNING * * *
Casting: Iskenderun's Mystic Blast (quite dangerous; 8% risk of failure)
Confirm with . or Enter, or press ? or * to list all spells.
You erupt in a blast of force!
The mystic blast hits the crimson imp.
You kill the crimson imp!
The crimson imp disappears in a puff of smoke!
The mystic blast hits the gnoll bouda.
The gnoll bouda is heavily wounded.
The mystic blast hits Eustachio!
Eustachio is severely wounded.
* * * LOW HITPOINT WARNING * * *
Eustachio hits you with a +1 rapier of venom.
* * * LOW HITPOINT WARNING * * *
Unknown command.
The gnoll bouda attacks as you move away!
The gnoll bouda hits you with a +0 club!
You die...

. ......#...##
. ...........#
##.
###.#....##
##..##
#....### #
#.....##...##
..#..##.....##
.#...#[....##
.(.)...#..##
.....§)#@..#
.#.h@g#.##
##.)##.# ###
###


You could see Eustachio, a gnoll bouda and a jackal.

Vanquished Creatures
  2 scorpions
  A hound (D:3)
  A hell rat (Sewer)
  3 gnolls (D:4)
  6 adders
  A river rat (Sewer)
  A worm (D:4)
  11 orcs
  5 bats
  5 endoplasms
  3 giant cockroaches
  6 goblins
  4 hobgoblins
  A jackal (D:4)
  3 quokkas (D:2)
  9 ball pythons
  5 frilled lizards
  7 kobolds
  12 rats
86 creatures vanquished.

Vanquished Creatures (others)
  5 fulminant prisms
  5 fungi (D:2)
10 creatures vanquished.

Grand Total: 96 creatures vanquished

Notes
Turn   | Place    | Note
-------+----------+-------------------------------------------
     0 | D:1      | ders the Djinni Conjurer began the quest for the Orb.
     0 | D:1      | ders set off with the following spells memorised: Magic
                  | Dart, Searing Ray, Dazzling Flash, Fulminant Prism,
                  | Iskenderun's Mystic Blast.
     0 | D:1      | Reached XP level 1. HP: 15/15 MP: 0/0
   127 | D:1      | Reached XP level 2. HP: 19/21 MP: 0/0
   322 | D:1      | Reached XP level 3. HP: 21/25 MP: 0/0
   322 | D:1      | Learned a level 1 spell: Kiss of Death
   474 | D:1      | Reached skill level 4 in Spellcasting
  1105 | D:2      | Reached XP level 4. HP: 29/31 MP: 0/0
  1818 | D:3      | Noticed a scorpion
  1832 | D:3      | Killed a scorpion
  1833 | D:3      | Reached skill level 5 in Spellcasting
  1833 | D:3      | Reached XP level 5. HP: 26/35 MP: 0/0
  1833 | D:3      | Learned a level 2 spell: Blink
  1910 | D:3      | Identified the +1 leather armour of Uskayaw, Imbibing
                  | {rElec rC+ rN+}
  2152 | D:3      | Reached XP level 6. HP: 36/40 MP: 0/0
  2278 | D:3      | Found Malel's Armour Shop.
  2462 | D:3      | Found a shadowy altar of Dithmenos.
  2468 | D:3      | Found a sacrificial altar of Ru.
  2882 | D:4      | Found a glowing drain.
  2888 | Sewer    | Entered a sewer
  3160 | D:4      | Noticed Eustachio
  3163 | D:4      | Reached skill level 6 in Spellcasting
  3166 | D:4      | HP: 2/40 [Eustachio/+1 rapier of venom (3)]
  3168 | D:4      | Mangled by a gnoll bouda

Illustrated notes

Levels and vault maps discovered:
D:1:      scummos_arrival_simple_fountains, layout_basic
D:2:      layout_loops_corners, dreamdust_mushroom_princess
D:3:      layout_loops_ring, nicolae_overflow_hidden_temple, serial_shops,
          nicolae_shop_hallway_plus
D:4:      layout_cave_pools, nicolae_elyvilon_temple_path, gup_sewer_entry_bowl,
          nicolae_specific_store, uniq_eustachio

Skill      XL: |  1  2  3  4  5  6 |
---------------+-------------------+-----
Spellcasting   | 4 5 6 |  6.0
Dodging        | |  2.1
Stealth        | |  1.5

Action                     |  1- 3 |  4- 6 || total
---------------------------+-------+-------++-------
  Melee: Unarmed           |       |     1 ||     1
   Cast: Magic Dart        |    61 |    72 ||   133
         Searing Ray       |       |    14 ||    14
         Fulminant Prism   |       |     5 ||     5
         Iskenderun's Myst |       |    13 ||    13
    Use: Scroll            |       |     8 ||     8
 Armour: Robe              |     2 |    10 ||    12
  Dodge: Dodged            |     5 |    23 ||    28

Table legend: (Time is in decaauts)
 A = Elapsed time spent in this place.
 B = Non-inter-level travel time spent in this place.
 C = Inter-level travel time spent in this place.
 D = Time resting spent in this place.
 E = Time spent auto-exploring this place.
 F = Levels seen in this place.
 G = Mean time per level.
                   A        B        C        D        E       F      G
               +--------+--------+--------+--------+--------+-----+--------+
         Total |   3168 |   3048 |    120 |    306 |   2390 |   5 |  633.6 |
       Dungeon |   2935 |   2815 |    120 |    174 |   2328 |   4 |  733.8 |
         Sewer |    232 |    232 |      0 |    132 |     62 |   1 |  232.0 |
               +--------+--------+--------+--------+--------+-----+--------+

Top non-repeatable levels by time:
     D:3: 1095 daAuts
     D:2: 993 daAuts
     D:1: 729 daAuts
   Sewer: 232 daAuts
     D:4: 117 daAuts
